 Dungeon Crawl Stone Soup version 0.31.0-11-ge490571c62 (webtiles) character file.

Game seed: 1793416134830199013

2754 Arcadio the Covert (level 9, -3/81 HPs)
             Began as a Pale Draconian Delver on Jan 30, 2024.
             Slain by a yak (10 damage)
             ... on level 7 of the Dungeon.
             The game lasted 00:09:38 (5475 turns).

Arcadio the Covert (Pale Draconian Delver)          Turns: 5475, Time: 00:09:38

Health: -3/81      AC:  9    Str: 18    XL:     9   Next: 41%
Magic:  9/9        EV: 14    Int: 12    God:
Gold:   395        SH:  0    Dex: 12    Spells: 8/8 levels left

rFire   . . .        o - +1 mace (heavy)
rCold   . . .        (no shield)
rNeg    . . .        (body armour unavailable)
rPois   .            (helmet restricted)
rElec   .            B - +1 cloak
rCorr   .            (no gloves)
SInv    .            (no boots)
Will    .....        j - amulet of regeneration
Stlth   ++++         t - ring of flight
HPRegen 1.13/turn    (no ring)
MPRegen 0.11/turn

%: no passive effects
@: flying
A: breathe steam, AC +7, unfitting armour, cold-blooded, steam resistance
a: Breathe Steam


You were on level 7 of the Dungeon.
You visited 2 branches of the dungeon, and saw 9 of its levels.

You collected 395 gold pieces.

Inventory:

Hand Weapons
 a - a +0 mace
 o - a +1 heavy mace (weapon)
Missiles
 w - 2 throwing nets
Armour
 B - a +1 cloak (worn)
Jewellery
 j - an amulet of regeneration (around neck)
 p - an amulet of faith
 q - an amulet of guardian spirit
 t - a ring of flight (left hand)
Wands
 f - a wand of digging (3)
 u - a wand of roots (12)
Scrolls
 b - a scroll of fog
 c - 7 scrolls of revelation
 d - 2 scrolls of fear
 h - 6 scrolls of teleportation {unknown}
 k - 4 scrolls of enchant armour {unknown}
 s - 3 scrolls of identify {unknown}
 y - a scroll of silence {unknown}
 C - a scroll of amnesia {unknown}
 D - a scroll of immolation {unknown}
Potions
 e - a potion of haste
 g - a potion of brilliance {unknown}
 i - a potion of enlightenment {unknown}
 l - 2 potions of heal wounds {unknown}
 m - 3 potions of mutation {unknown}
 n - 4 potions of curing {unknown}
 r - a potion of lignification {unknown}
 v - 2 potions of attraction {unknown}
 x - a potion of might {unknown}
 z - 2 potions of resistance {unknown}
 A - 2 potions of magic {unknown}
 E - a potion of invisibility {unknown}


   Skills:
 + Level 7.8 Fighting
 + Level 6.7 Maces & Flails
 + Level 6.2 Dodging
 + Level 8.0 Stealth


You had 8 spell levels left.
You didn't know any spells.
Your spell library contained the following spells:

 Spells                   Type           Power      Damage    Failure   Level
 Necrotise                Necr           0%         1d4       32%         1
 Lesser Beckoning         Tloc           0%         N/A       45%         2
 Gell's Gravitas          Tloc           0%         N/A       69%         3
 Hailstorm                Conj/Ice       0%         3d5       69%         3
 Summon Ice Beast         Ice/Summ       0%         N/A       69%         3
 Teleport Other           Tloc           0%         N/A       69%         3
 Vampiric Draining        Necr           0%         2d6       69%         3
 Martyr's Knell           Necr/Summ      0%         N/A       97%         4
 Curse of Agony           Necr           0%         N/A       100%        5
 Dispersal                Tloc           0%         N/A       100%        6
 Sculpt Simulacrum        Ice/Alch       0%         N/A       100%        6


Dungeon Overview and Level Annotations

Branches:
Dungeon (8/15)             Temple (1/1) D:6
   Lair: D:8-11

Altars:
Cheibriados
Dithmenos
Elyvilon
Fedhas
Hepliaklqana
Makhleb
Nemelex Xobeh
Okawaru
Qazlal
Ru
Trog
Uskayaw
Vehumet
Wu Jian
Xom
Yredelemnul
Zin
The Shining One


Innate Abilities, Weirdness & Mutations

You can breathe blasts of scalding, opaque steam.
Your pale cyan-grey scales are hard. (AC +7)
You cannot fit into any form of body armour.
You are cold-blooded and may be slowed by cold attacks.
You are immune to the effects of steam.


Message History

You sock the steam dragon!
You kill the steam dragon!
The yak closely misses you. The yak gores you but does no damage.
The yak is engulfed in a cloud of scalding steam.
The yak closely misses you. The yak attacks as it pursues you!
The yak barely misses you.
A bullfrog comes into view.
You have got your breath back.
The yak is engulfed in a cloud of scalding steam.
There is a stone staircase leading up, spattered with blood here.
Okay, then.
The bullfrog hits you but does no damage.
The bullfrog closely misses you.
You fly upwards.
There is a stone staircase leading down here.
You bludgeon the bullfrog!!
You kill the bullfrog!
Your Stealth skill increases to level 8!
There is a stone staircase leading down here.
You fly downwards.
The yak gores you! x2
There is a stone staircase leading up, spattered with blood here.
The yak barely misses you. The yak misses you.
You fly upwards.
There is a stone staircase leading down here.
You hit the yak.
The yak is moderately wounded.
The yak gores you but does no damage. The yak misses you.
The yak barely misses you. The yak gores you!
You thump the yak!
Your tail-slap misses the yak.
The yak is severely wounded.
The yak gores you. The yak completely misses you. The yak gores you! x2
You thump the yak!
The yak is almost dead.
The yak gores you! The yak gores you.
You hit the yak but do no damage.
The yak is almost dead.
The yak barely misses you. The yak closely misses you. The yak gores you!
* * * LOW HITPOINT WARNING * * *
The yak gores you!
You die...

################### ####
#.................# #..#
#####.###########.#
####..###########Y##### #.#
...............Y@.....#### #.#
####.....###.###.........# #.#
.###.....##..###.####....####.###
..............##.# #..........:.
.##...##.##......# #....##...###
.##...##.#....##.#####........#
......#.............<.......#.#
...................#.###.####.#
.............#.#...#.###.# #.###


You could see 2 yaks.

Vanquished Creatures
  Prince Ribbit (D:8)
  Grinder (D:6)
  2 steam dragons
  Menkaure (D:6)
  A water moccasin (D:7)
  3 black bears
  A sky beast (D:7)
  2 centaurs
  5 bullfrogs
  A scorpion (D:5)
  A bombardier beetle (D:4)
  5 orc priests
  3 hounds (D:5)
  A sleepcap (D:7)
  6 orc wizards
  Natasha (thrice) (D:2)
  7 iguanas
  The ghost of Arcadio the Sneak, a weakling DrDe (D:5)
  7 adders
  4 gnolls
  3 white imps
  2 dart slugs (D:1)
  2 ribbon worms (D:3)
  20 orcs
  4 endoplasms
  3 giant cockroaches
  15 goblins
  6 hobgoblins
  6 jackals (D:1)
  3 quokkas
  5 ball pythons
  10 bats
  2 frilled lizards
  6 kobolds
  5 rats
148 creatures vanquished.

Notes
Turn   | Place    | Note
-------+----------+-------------------------------------------
     0 | D:5      | Arcadio the Draconian Delver began the quest for the Orb.
     0 | D:5      | Reached XP level 1. HP: 19/19 MP: 1/1
    16 | D:5      | Noticed a bullfrog
   125 | D:3      | Reached XP level 2. HP: 8/26 MP: 2/2
   801 | D:3      | Reached XP level 3. HP: 31/31 MP: 3/3
  1420 | D:1      | Reached XP level 4. HP: 40/40 MP: 4/4
  1721 | D:1      | Reached skill level 5 in Stealth
  2018 | D:2      | Noticed Natasha
  2021 | D:2      | Killed Natasha
  2123 | D:2      | Noticed Natasha
  2135 | D:2      | Killed Natasha
  2136 | D:2      | Reached XP level 5. HP: 46/46 MP: 5/5
  2265 | D:2      | Noticed Natasha
  2270 | D:2      | Killed Natasha
  2942 | D:4      | Reached XP level 6. HP: 53/53 MP: 6/6
  3030 | D:4      | Noticed an orc warrior
  3238 | D:5      | Found a runed translucent door.
  3240 | D:5      | Noticed Arcadio's ghost (weakling DrDe)
  3357 | D:5      | Reached skill level 5 in Fighting
  3638 | D:5      | Your scales start taking on a pale cyan-grey colour.
  3638 | D:5      | Reached XP level 7. HP: 22/61 MP: 7/7
  3638 | D:5      | Gained mutation: You are immune to the effects of steam.
                  | [Pale Draconian growth]
  3862 | D:5      | Reached skill level 6 in Stealth
  3981 | D:5      | Killed Arcadio's ghost
  4058 | D:6      | Noticed Grinder
  4063 | D:6      | Killed Grinder
  4109 | D:6      | Noticed Menkaure
  4118 | D:6      | Killed Menkaure
  4119 | D:6      | Reached skill level 5 in Maces & Flails
  4119 | D:6      | Reached XP level 8. HP: 19/70 MP: 8/8
  4322 | D:6      | Found a staircase to the Ecumenical Temple.
  4332 | Temple   | Entered the Ecumenical Temple
  4409 | D:6      | Reached skill level 5 in Dodging
  4592 | D:6      | Reached skill level 7 in Stealth
  4607 | D:6      | Found an iron altar of Okawaru.
  4609 | D:6      | Found a glowing silver altar of Zin.
  4796 | D:7      | Noticed a +0 hand axe
  4796 | D:7      | Noticed a +0 hand axe
  4798 | D:7      | Found a hide-covered altar of Uskayaw.
  4810 | D:7      | Reached XP level 9. HP: 79/79 MP: 9/9
  5399 | D:8      | Noticed Prince Ribbit
  5420 | D:8      | Killed Prince Ribbit
  5464 | D:7      | Reached skill level 8 in Stealth
  5475 | D:7      | Slain by a yak

Illustrated notes

Levels and vault maps discovered:
D:1:      matt_arrival_grand_opening, layout_loops_ring
D:2:      layout_rooms, minivault_24, nrook_uturn, chequers_decorated_corner,
          uniq_natasha
D:3:      layout_loops_corners, due_unseen_surprise
D:4:      kennysheep_the_goblin_king, layout_basic, minmay_close_crescents
D:5:      layout_loops_corners, hellmonk_ghost_happy_afterlife,
          nicolae_kite_square_tiling_tiny
D:6:      layout_basic, jmf_multi_god_temple,
          minmay_temple_entry_statues_pillars, uniq_menkaure, uniq_grinder
D:7:      layout_basic, dancing_weapons_uskayaw
D:8:      layout_loops_ring, nicolae_gozag_cash_rules_everything_around_me,
          hangedman_decor_growths, chequers_jeans, uniq_prince_ribbit1
Temple:   minmay_freezing_vapour_temple

Skill      XL: |  1  2  3  4  5  6  7  8  9 |
---------------+----------------------------+-----
Dodging        | 2 3 4 5 6 |  6.2
Stealth        | 5 6 7 8 |  8.0
Fighting       | 4 5 6 7 |  7.8
Maces & Flails | 3 4 5 6 |  6.7

Action                     |  1- 3 |  4- 6 |  7- 9 || total
---------------------------+-------+-------+-------++-------
  Melee: Mace              |   135 |   123 |    82 ||   340
         Tailslap          |    11 |    18 |     7 ||    36
         Punch             |     1 |     1 |     1 ||     3
Ability: Breathe Steam     |       |       |    24 ||    24
   Stab: Sleeping          |     8 |     8 |     3 ||    19
         Distracted        |     1 |       |       ||     1
 Armour: Skin              |    96 |    98 |   101 ||   295
  Dodge: Dodged            |   103 |   106 |    83 ||   292
